 Dungeon Crawl Stone Soup version 0.30-a0-243-gaa749bd8e4 (webtiles) character file.

Game seed: 6881398509282858385

51 Essalna the Covered (level 3, 0/33 HPs)
             Began as an Armataur Berserker on Oct 12, 2022.
             Was a Believer of Trog.
             Killed from afar by Sigmund (3 damage)
             ... with a magic dart
             ... on level 3 of the Dungeon.
             The game lasted 00:02:56 (1747 turns).

Essalna the Covered (Armataur Berserker)            Turns: 1747, Time: 00:02:56

Health: 0/33       AC:  6    Str: 24    XL:     3   Next: 58%
Magic:  3/3        EV:  8    Int:  7    God:    Trog [**....]
Gold:   52         SH:  0    Dex:  9    Spells: 2/2 levels left

rFire   . . .      SeeInvis .    a - +0 mace (vorpal)
rCold   . . .      Faith    .    (no shield)
rNeg    . . .      Spirit   .    l - +0 scale mail
rPois   .          Reflect  .    (no helmet)
rElec   .          Harm     .    (no cloak)
rCorr   .          Roll     +    (no gloves)
Will    ++...                    (no barding)
Stlth   ..........               (no amulet)
HPRegen 1.25/turn                (no ring)
MPRegen 0.08/turn                (no ring)

@: strong-willed, on berserk cooldown, regenerating, slowed, very slow
A: large, rugged brown scales 3, deformed body, armoured tail, roll, long
tongue, awkward tongue
a: Renounce Religion, Berserk, Trog's Hand


You were on level 3 of the Dungeon.
You worshipped Trog.
Trog was pleased with you.
You visited 1 branch of the dungeon, and saw 3 of its levels.

You collected 52 gold pieces.

Inventory:

Hand Weapons
 a - a +0 vorpal mace (weapon)
Missiles
 e - 6 boomerangs of dispersal (quivered)
Armour
 b - a +0 animal skin
 f - a +0 ring mail
 l - a +0 scale mail (worn)
Jewellery
 h - a ring of ice
 i - a +6 ring of intelligence
Scrolls
 g - 2 scrolls of identify
 j - a scroll of enchant armour {unknown}
 m - a scroll of teleportation {unknown}
Potions
 c - 2 potions of mutation


   Skills:
 + Level 3.2 Fighting
 + Level 3.2 Maces & Flails
 + Level 3.4 Armour
 - Level 1.3 Dodging


You had 2 spell levels left.
You didn't know any spells.
Your spell library was empty.

Dungeon Overview and Level Annotations

Branches:
Dungeon (3/15)

Altars:

Annotations:
D:3 Sigmund


Innate Abilities, Weirdness & Mutations

You are completely covered in rugged brown scales. (AC +3, +7% HP)
Armour fits poorly on your strangely shaped body.
You have a long armoured tail.
You roll when moving toward enemies. (Rampage)
Your long tongue fully drains potion bottles. (2x potion effects)
Your tongue gives you trouble enunciating. (1.5x scroll delay)


Message History

You hear some strange, mumbled words.
A magic dart appears from out of thin air!
The magic dart hits you.
* * * LOW HITPOINT WARNING * * *
Something hits you.
* * * LOW HITPOINT WARNING * * *
Something unexpectedly blocked you, preventing you from rolling!
You closely miss something. Something hits you.
* * * LOW HITPOINT WARNING * * *
It was a potion of curing.
You feel better. Something hits you!
* * * LOW HITPOINT WARNING * * *
It was a potion of berserk rage.
You're still recovering from your berserk rage.
Something hits you but does no damage.
Something unexpectedly blocked you, preventing you from rolling!
You miss something. Something hits you.
* * * LOW HITPOINT WARNING * * *
Something unexpectedly blocked you, preventing you from rolling!
You barely miss something.
Your tail-slap misses something.
Something hits you but does no damage. Something hits you.
* * * LOW HITPOINT WARNING * * *
Okay, then.
Something unexpectedly blocked you, preventing you from rolling!
You closely miss something. Something hits you but does no damage.
Something unexpectedly blocked you, preventing you from rolling!
You closely miss something.
You hear some strange, mumbled words.
A magic dart appears from out of thin air!
The magic dart hits you.
* * * LOW HITPOINT WARNING * * *
You hear some strange, mumbled words.
Something tries to affect you, but you resist.
Okay, then.
Unknown command.
Your skin crawls.
You feel strong-willed.
You hear some strange, mumbled words.
A magic dart appears from out of thin air!
The magic dart hits you.
You die...

#.########
#....o{@.#
...######.###.#
.......<....#
.######.#####
#.# ###


You could see an orc.

Vanquished Creatures
  An adder (D:2)
  A worm (D:2)
  A dart slug (D:2)
  3 endoplasms (D:2)
  A giant cockroach (D:2)
  3 goblins
  4 hobgoblins (D:2)
  2 quokkas (D:1)
  4 ball pythons
  5 bats
  A frilled lizard (D:3)
  7 kobolds
  3 rats
36 creatures vanquished.

Notes
Turn   | Place    | Note
-------+----------+-------------------------------------------
     0 | D:1      | Essalna the Armataur Berserker began the quest for the Orb.
     0 | D:1      | Reached XP level 1. HP: 19/19 MP: 1/1
   520 | D:1      | Reached XP level 2. HP: 26/26 MP: 2/2
  1084 | D:2      | Reached XP level 3. HP: 24/33 MP: 3/3
  1216 | D:2      | Reached ** piety under Trog
  1713 | D:3      | Noticed Sigmund
  1747 | D:3      | Killed from afar by Sigmund

Illustrated notes

Levels and vault maps discovered:
D:1:      matt_arrival_refuge, layout_basic, minmay_small_reverse_x
D:2:      layout_loops_ring
D:3:      layout_basic, uniq_sigmund

Skill      XL: |  1  2 |
---------------+-------+-----
Fighting       | 3 |  3.2
Maces & Flails | 3 |  3.2
Armour         | 3 |  3.4
Dodging        | |  1.3

Action                   || total
-------------------------++-------
Melee: Mace              ||   118
       Tailslap          ||     8
Invok: Berserk           ||     1
       Trog's Hand       ||     1
  Use: Scroll            ||     2
       Potion            ||     2
Armor: Animal skin       ||    11
       Ring mail         ||    31
       Scale mail        ||    12
Dodge: Dodged            ||    45

Table legend: (Time is in decaauts)
 A = Elapsed time spent in this place.
 B = Non-inter-level travel time spent in this place.
 C = Inter-level travel time spent in this place.
 D = Time resting spent in this place.
 E = Time spent auto-exploring this place.
 F = Levels seen in this place.
 G = Mean time per level.
                   A        B        C        D        E       F      G
               +--------+--------+--------+--------+--------+-----+--------+
         Total |   1776 |   1714 |     62 |      0 |   1369 |   3 |  592.0 |
       Dungeon |   1776 |   1714 |     62 |      0 |   1369 |   3 |  592.0 |
               +--------+--------+--------+--------+--------+-----+--------+

Top non-repeatable levels by time:
     D:1: 973 daAuts
     D:2: 764 daAuts
     D:3: 39 daAuts
